TOP OF THE 1ST |
St Charles Sheens batting - Pitching for Madison Bombers : LHP Bill Moore
|
Pitching: LHP Bill Moore
|
|
Batting: LHB Jason Lambert
|
0-0: Ground out 6-3 (Groundball, 6M)
|
Batting: SHB Theron Harper
|
0-0: Foul Ball, location: 2F 0-1: Ball 1-1: Ground out 4-3 (Groundball, 4)
|
Batting: LHB Jeff Carter
|
0-0: Ball 1-0: Called Strike 1-1: Foul Ball, location: 2F 1-2: Strikes out swinging
|
Top of the 1st over - 0 run(s), 0 hit(s), 0 error(s), 0 left on base; St Charles 0 - Madison 0 |
BOTTOM OF THE 1ST |
Madison Bombers batting - Pitching for St Charles Sheens : LHP Ben Moody
|
Pitching: LHP Ben Moody
|
|
Batting: LHB Robin Hill
|
0-0: Ball 1-0: Ball 2-0: Foul Ball, location: 2F 2-1: Fly out, F8 (Flyball, 8LM)
|
Batting: RHB Alonso Holguín
|
0-0: Ball 1-0: Ball 2-0: Ground out 4-3 (Groundball, 4M)
|
Batting: RHB Vicente Aguirre
|
0-0: Ball 1-0: Ball 2-0: Foul Ball, location: 2F 2-1: Swinging Strike 2-2: Ball 3-2: Strikes out swinging
|
Bottom of the 1st over - 0 run(s), 0 hit(s), 0 error(s), 0 left on base; St Charles 0 - Madison 0 |
TOP OF THE 2ND |
St Charles Sheens batting - Pitching for Madison Bombers : LHP Bill Moore
|
Batting: RHB Júlio Figueroa
|
0-0: Foul Ball, location: 2F 0-1: Ball 1-1: Ball 2-1: Fly out, F5 (Flyball, 56)
|
Batting: LHB Marcos Cantú
|
0-0: Ground out 4-3 (Groundball, 34)
|
Batting: RHB Dan Tyler
|
0-0: Ball 1-0: Foul Ball, location: 2F 1-1: Ball 2-1: Swinging Strike 2-2: Foul Ball, location: 2F 2-2: Foul Ball, location: 2F 2-2: Foul Ball, location: 2F 2-2: Ball 3-2: Strikes out looking
|
Top of the 2nd over - 0 run(s), 0 hit(s), 0 error(s), 0 left on base; St Charles 0 - Madison 0 |
BOTTOM OF THE 2ND |
Madison Bombers batting - Pitching for St Charles Sheens : LHP Ben Moody
|
Batting: LHB Seung-chun Mun
|
0-0: Ball 1-0: Foul Ball, location: 2F 1-1: Ball 2-1: Ground out U3 (Groundball, 3S)
|
Batting: LHB Mike Callahan
|
0-0: Foul Ball, location: 2F 0-1: Ball 1-1: Foul Ball, location: 2F 1-2: Ball 2-2: Foul Ball, location: 2F 2-2: Fly out, F7 (Line Drive, 7S)
|
Batting: RHB Guo-xiu Choi
|
0-0: Ball 1-0: Bunt missed! 1-1: Foul Ball, location: 2F 1-2: Ball 2-2: Strikes out swinging
|
Bottom of the 2nd over - 0 run(s), 0 hit(s), 0 error(s), 0 left on base; St Charles 0 - Madison 0 |
TOP OF THE 3RD |
St Charles Sheens batting - Pitching for Madison Bombers : LHP Bill Moore
|
Batting: RHB Judson Backstrom
|
0-0: Called Strike 0-1: Ball 1-1: Called Strike 1-2: Fly out, F8 (Flyball, 8RXD)
|
Batting: RHB Max Rash
|
0-0: Ball 1-0: Ball 2-0: Swinging Strike 2-1: Foul Ball, location: 2F 2-2: Ball 3-2: SINGLE (Line Drive, 56)
|
Batting: LHB Gene Cooper
|
0-0: Called Strike 0-1: Swinging Strike 0-2: Ground out 3-1 (Groundball, 34S) Max Rash to second
|
Batting: LHB Jason Lambert
|
0-0: Ball 1-0: Ball 2-0: Called Strike 2-1: SINGLE (Groundball, 4M) Max Rash to third Runner from 3rd tries for Home, SAFE, no throw or cutoff
|
Batting: SHB Theron Harper
|
0-0: Ball 1-0: Ball 2-0: Fly out, F8 (Line Drive, 8RM)
|
Top of the 3rd over - 1 run(s), 2 hit(s), 0 error(s), 1 left on base; St Charles 1 - Madison 0 |
BOTTOM OF THE 3RD |
Madison Bombers batting - Pitching for St Charles Sheens : LHP Ben Moody
|
Batting: SHB Jorge Flores
|
0-0: Fly out, F5 (Popup, 5L)
|
Batting: LHB Sixto Cantú
|
0-0: Called Strike 0-1: Foul Ball, location: 2F 0-2: Ball 1-2: Ball 2-2: Strikes out looking
|
Batting: SHB Dave MacThomas
|
0-0: Ground out 4-3 (Groundball, 34D)
|
Bottom of the 3rd over - 0 run(s), 0 hit(s), 0 error(s), 0 left on base; St Charles 1 - Madison 0 |
TOP OF THE 4TH |
St Charles Sheens batting - Pitching for Madison Bombers : LHP Bill Moore
|
Batting: LHB Jeff Carter
|
0-0: Called Strike 0-1: Called Strike 0-2: Fly out, F7 (Flyball, 7LM)
|
Batting: RHB Júlio Figueroa
|
0-0: Swinging Strike 0-1: Ball 1-1: Ball 2-1: Called Strike 2-2: Ball 3-2: Ground out 5-3 (Groundball, 5)
|
Batting: LHB Marcos Cantú
|
0-0: Foul Ball, location: 2F 0-1: Ball 1-1: Ball 2-1: Fly out, F7 (Flyball, 78M)
|
Top of the 4th over - 0 run(s), 0 hit(s), 0 error(s), 0 left on base; St Charles 1 - Madison 0 |
BOTTOM OF THE 4TH |
Madison Bombers batting - Pitching for St Charles Sheens : LHP Ben Moody
|
Batting: LHB Robin Hill
|
0-0: Fly out, F8 (Flyball, 8LXD)
|
Batting: RHB Alonso Holguín
|
0-0: Swinging Strike 0-1: Called Strike 0-2: Strikes out swinging
|
Batting: RHB Vicente Aguirre
|
0-0: Ball 1-0: Foul Ball, location: 2F 1-1: Swinging Strike 1-2: Ball 2-2: Strikes out looking
|
Bottom of the 4th over - 0 run(s), 0 hit(s), 0 error(s), 0 left on base; St Charles 1 - Madison 0 |
TOP OF THE 5TH |
St Charles Sheens batting - Pitching for Madison Bombers : LHP Bill Moore
|
Batting: RHB Dan Tyler
|
0-0: Bunted foul 0-1: Ball 1-1: Swinging Strike 1-2: Strikes out swinging
|
Batting: RHB Judson Backstrom
|
0-0: DOUBLE (Line Drive, 78XD)
|
Batting: RHB Max Rash
|
0-0: Called Strike 0-1: Foul Ball, location: 2F 0-2: Foul Ball, location: 2F 0-2: Ball 1-2: Foul Ball, location: 2F 1-2: SINGLE (Groundball, 6MS) (infield hit) Judson Backstrom to third
|
Batting: LHB Gene Cooper
|
0-0: DOUBLE (Line Drive, 9LS) Judson Backstrom scores Max Rash to third
|
Batting: LHB Jason Lambert
|
0-0: Called Strike 0-1: Ball 1-1: Foul Ball, location: 2F 1-2: Foul Ball, location: 2F 1-2: Ball 2-2: Fly out, F3 (Line Drive, 3L)
|
Batting: SHB Theron Harper
|
0-0: Ball 1-0: DOUBLE (Groundball, 3L) Max Rash scores Gene Cooper scores
|
Batting: LHB Jeff Carter
|
0-0: Ball 1-0: Ball 2-0: Fly out, F8 (Line Drive, 8RXD)
|
Top of the 5th over - 3 run(s), 4 hit(s), 0 error(s), 1 left on base; St Charles 4 - Madison 0 |
BOTTOM OF THE 5TH |
Madison Bombers batting - Pitching for St Charles Sheens : LHP Ben Moody
|
Batting: LHB Seung-chun Mun
|
0-0: Called Strike 0-1: Ground out 4-3 (Groundball, 4M)
|
Batting: LHB Mike Callahan
|
0-0: Ball 1-0: Called Strike 1-1: Swinging Strike 1-2: Strikes out swinging
|
Batting: RHB Guo-xiu Choi
|
0-0: Ball 1-0: Foul Ball, location: 2F 1-1: Called Strike 1-2: Foul Ball, location: 2F 1-2: Strikes out looking
|
Bottom of the 5th over - 0 run(s), 0 hit(s), 0 error(s), 0 left on base; St Charles 4 - Madison 0 |
TOP OF THE 6TH |
St Charles Sheens batting - Pitching for Madison Bombers : LHP Bill Moore
|
Batting: RHB Júlio Figueroa
|
0-0: Ball 1-0: Called Strike 1-1: Called Strike 1-2: Fly out, F8 (Flyball, 8LXD)
|
Batting: LHB Marcos Cantú
|
0-0: Ball 1-0: Ball 2-0: Ball 3-0: Called Strike 3-1: Foul Ball, location: 2F 3-2: Foul Ball, location: 2F 3-2: Foul Ball, location: 2F 3-2: SINGLE (Groundball, 34)
|
Batting: RHB Dan Tyler
|
0-0: Foul Ball, location: 2F 0-1: Ball 1-1: Foul Ball, location: 2F 1-2: Ball 2-2: Ball 3-2: Ground out 6-3 (Groundball, 6) Marcos Cantú to second
|
Batting: RHB Judson Backstrom
|
0-0: Ball 1-0: Fly out, F8 (Flyball, 8LXD)
|
Top of the 6th over - 0 run(s), 1 hit(s), 0 error(s), 1 left on base; St Charles 4 - Madison 0 |
BOTTOM OF THE 6TH |
Madison Bombers batting - Pitching for St Charles Sheens : LHP Ben Moody
|
Batting: SHB Jorge Flores
|
0-0: Foul Ball, location: 2F 0-1: Ball 1-1: Called Strike 1-2: Fly out, F4 (Line Drive, 4)
|
Batting: LHB Sixto Cantú
|
0-0: Called Strike 0-1: Ball 1-1: Foul Ball, location: 2F 1-2: Ball 2-2: Strikes out swinging
|
Batting: SHB Dave MacThomas
|
0-0: Ball 1-0: Ball 2-0: SINGLE (Line Drive, 34)
|
Batting: LHB Robin Hill
|
0-0: Called Strike 0-1: SINGLE (Groundball, 25) (infield hit) Dave MacThomas to second
|
Batting: RHB Alonso Holguín
|
0-0: Foul Ball, location: 2F 0-1: Fly out, F8 (Flyball, 8RS)
|
Bottom of the 6th over - 0 run(s), 2 hit(s), 0 error(s), 2 left on base; St Charles 4 - Madison 0 |
TOP OF THE 7TH |
St Charles Sheens batting - Pitching for Madison Bombers : LHP Bill Moore
|
Pitching: LHP Dave Carbone
|
|
Batting: RHB Max Rash
|
0-0: Ball 1-0: Ball 2-0: Swinging Strike 2-1: Fly out, F6 (Popup, 6M)
|
Batting: LHB Gene Cooper
|
0-0: Ball 1-0: Called Strike 1-1: Foul Ball, location: 2F 1-2: Ball 2-2: Foul Ball, location: 2F 2-2: Ball 3-2: Strikes out swinging
|
Batting: LHB Jason Lambert
|
0-0: Ball 1-0: SINGLE (Groundball, 4M)
|
Batting: SHB Theron Harper
|
0-0: Ball 1-0: Ball Jason Lambert is caught stealing 2nd base
|
Top of the 7th over - 0 run(s), 1 hit(s), 0 error(s), 0 left on base; St Charles 4 - Madison 0 |
BOTTOM OF THE 7TH |
Madison Bombers batting - Pitching for St Charles Sheens : LHP Ben Moody
|
Batting: RHB Vicente Aguirre
|
0-0: Fly out, F9 (Flyball, 9D)
|
Batting: LHB Seung-chun Mun
|
0-0: Ball 1-0: Ball 2-0: Foul Ball, location: 2F 2-1: Ball 3-1: Called Strike 3-2: Foul Ball, location: 2F 3-2: Strikes out swinging
|
Batting: LHB Mike Callahan
|
0-0: Ball 1-0: Called Strike 1-1: Ball 2-1: Foul Ball, location: 2F 2-2: Foul Ball, location: 2F 2-2: Ball 3-2: SINGLE (Groundball, 2L) (infield hit)
|
Batting: RHB Guo-xiu Choi
|
0-0: Swinging Strike 0-1: Ball 1-1: Called Strike 1-2: Strikes out looking
|
Bottom of the 7th over - 0 run(s), 1 hit(s), 0 error(s), 1 left on base; St Charles 4 - Madison 0 |
TOP OF THE 8TH |
St Charles Sheens batting - Pitching for Madison Bombers : LHP Dave Carbone
|
Batting: SHB Theron Harper
|
0-0: SINGLE (Line Drive, 34D)
|
Batting: LHB Jeff Carter
|
0-0: Ball 1-0: Called Strike 1-1: Swinging Strike 1-2: SINGLE (Line Drive, 3D) Theron Harper to second
|
Batting: RHB Júlio Figueroa
|
0-0: Called Strike 0-1: Ball 1-1: Ground out 2-3 (Groundball, 25) Theron Harper to third Jeff Carter to second
|
Batting: LHB Marcos Cantú
|
0-0: Ball 1-0: Swinging Strike 1-1: Ball 2-1: Foul Ball, location: 2F 2-2: Ball 3-2: Fly out, F8 (Flyball, 8LXD) Runner from 3rd tags up, SCORES, no throw
|
Batting: RHB Dan Tyler
|
0-0: Ball 1-0: Ball 2-0: Called Strike 2-1: Ball 3-1: 2-RUN HOME RUN (Flyball, 7D), Distance : 366 ft
|
Batting: RHB Judson Backstrom
|
0-0: Called Strike 0-1: Fly out, F3 (Popup, 3F)
|
Top of the 8th over - 3 run(s), 3 hit(s), 0 error(s), 0 left on base; St Charles 7 - Madison 0 |
BOTTOM OF THE 8TH |
Madison Bombers batting - Pitching for St Charles Sheens : LHP Ben Moody
|
Batting: SHB Jorge Flores
|
0-0: Ball 1-0: Foul Ball, location: 2F 1-1: Ball 2-1: Called Strike 2-2: Strikes out looking
|
Batting: LHB Sixto Cantú
|
0-0: Called Strike 0-1: Ball 1-1: Ball 2-1: Called Strike 2-2: Foul Ball, location: 2F 2-2: Foul Ball, location: 2F 2-2: Strikes out swinging
|
Batting: SHB Dave MacThomas
|
0-0: Called Strike 0-1: Bunted foul 0-2: Foul Ball, location: 2F 0-2: Foul Ball, location: 2F 0-2: Fly out, F9 (Flyball, 89D)
|
Bottom of the 8th over - 0 run(s), 0 hit(s), 0 error(s), 0 left on base; St Charles 7 - Madison 0 |
TOP OF THE 9TH |
St Charles Sheens batting - Pitching for Madison Bombers : LHP Dave Carbone
|
Pitching: RHP Arthur Green
|
|
Batting: RHB Max Rash
|
0-0: Called Strike 0-1: Ground out 4-3 (Groundball, 4)
|
Batting: LHB Gene Cooper
|
0-0: Ball 1-0: Called Strike 1-1: Foul Ball, location: 2F 1-2: Ball 2-2: Fly out, F8 (Flyball, 8RXD)
|
Batting: LHB Jason Lambert
|
0-0: Called Strike 0-1: Foul Ball, location: 2F 0-2: SINGLE (Groundball, 56) (infield hit)
|
Batting: SHB Theron Harper
|
0-0: Called Strike 0-1: Ball 1-1: Foul Ball, location: 2F 1-2: Foul Ball, location: 2F 1-2: Fly out, F5 (Popup, 5F)
|
Top of the 9th over - 0 run(s), 1 hit(s), 0 error(s), 1 left on base; St Charles 7 - Madison 0 |
BOTTOM OF THE 9TH |
Madison Bombers batting - Pitching for St Charles Sheens : LHP Ben Moody
|
Batting: LHB Robin Hill
|
0-0: Foul Ball, location: 2F 0-1: Ball 1-1: Called Strike 1-2: Foul Ball, location: 2F 1-2: Foul Ball, location: 2F 1-2: Strikes out swinging
|
Batting: RHB Alonso Holguín
|
0-0: Called Strike 0-1: Ball 1-1: Ball 2-1: Ground out 4-3 (Groundball, 4M)
|
Batting: RHB Vicente Aguirre
|
0-0: Called Strike 0-1: Ball 1-1: Fly out, F6 (Line Drive, 6)
|
Bottom of the 9th over - 0 run(s), 0 hit(s), 0 error(s), 0 left on base; St Charles 7 - Madison 0 |
|